 Dungeon Crawl Stone Soup version 0.29-a0-474-gdfe5cd140f (webtiles) character file.

Game seed: 439626624748668192

109 zeratav the Shield-Bearer (level 4, -11/41 HPs)
             Began as a Gnoll Fighter on May 24, 2022.
             Mangled by a gnoll
             ... wielding a +0 halberd
              (19 damage)
             ... on level 3 of the Dungeon.
             The game lasted 00:03:39 (3040 turns).

zeratav the Shield-Bearer (Gnoll Fighter)           Turns: 3040, Time: 00:03:40

Health: -11/41     AC:  6    Str: 17    XL:     4   Next: 90%
Magic:  14/14      EV: 11    Int:  9    God:
Gold:   113        SH:  6    Dex: 16    Spells: 5/5 levels left

rFire   + . .      SeeInvis .   a - +0 war axe {axe}
rCold   . . .      Faith    .   c - +0 buckler
rNeg    . . .      Spirit   .   p - +3 leather armour "Izxur" {MP+9 Str+2 Dex+4}
rPois   .          Reflect  .   (no helmet)
rElec   .          Harm     .   (no cloak)
rCorr   .          Rampage  .   (no gloves)
Will    .....                   (no boots)
Stlth   ++........              (no amulet)
HPRegen 0.13/turn               s - ring of protection from fire
MPRegen 0.14/turn               (no ring)

@: no status effects
A: fangs 1, strong nose, distributed training
a: no special abilities


You were on level 3 of the Dungeon.
You visited 1 branch of the dungeon, and saw 3 of its levels.

You collected 113 gold pieces.


Innate Abilities, Weirdness & Mutations

You have very sharp teeth.
Your uncanny sense of smell can sniff out nearby items.
Your experience applies equally to all skills.


   Skills:
 + Level 6.6 Fighting
 + Level 1.2 Short Blades
 + Level 1.2 Long Blades
 + Level 4.7 Axes
 + Level 1.2 Maces & Flails
 + Level 1.2 Polearms
 + Level 1.2 Staves
 + Level 1.2 Slings
 + Level 1.2 Bows
 + Level 1.2 Crossbows
 + Level 1.2 Throwing
 + Level 6.6 Armour
 + Level 1.2 Dodging
 + Level 1.2 Stealth
 + Level 6.6 Shields
 + Level 1.2 Unarmed Combat
 + Level 1.2 Spellcasting
 + Level 1.0 Conjurations
 + Level 1.0 Hexes
 + Level 1.0 Summonings
 + Level 1.0 Necromancy
 + Level 1.0 Translocations
 + Level 1.0 Transmutations
 + Level 1.0 Fire Magic
 + Level 1.0 Ice Magic
 + Level 1.0 Air Magic
 + Level 1.0 Earth Magic
 + Level 1.0 Poison Magic
 + Level 1.4 Invocations
 + Level 1.2 Evocations


You had 5 spell levels left.
You didn't know any spells.
Your spell library contained the following spells:

 Spells                   Type           Power      Damage    Failure   Level
 Sublimation of Blood     Necr           2%         N/A       47%         2
 Wereblood                Tmut           2%         N/A       47%         2
 Portal Projectile        Hex/Tloc       4%         N/A       71%         3
 Tukima's Dance           Hex            2%         N/A       71%         3
 Blade Hands              Tmut           1%         N/A       100%        5
 Summon Hydra             Summ           1%         N/A       100%        7

Inventory:

Hand Weapons
 a - a +0 war axe (weapon) {axe}
Armour
 c - a +0 buckler (worn)
 p - the +3 leather armour "Izxur" (worn) {MP+9 Str+2 Dex+4}
   (You found it on level 2 of the Dungeon)

   Str:       It affects your strength (+2).
   Dex:       It affects your dexterity (+4).
   MP:        It affects your magic capacity (+9).
 t - a +0 leather armour
   (You found it on level 3 of the Dungeon)
Jewellery
 s - a ring of protection from fire (left hand)
   (You found it on level 3 of the Dungeon)
Wands
 r - a wand of digging (3)
   (You found it on level 3 of the Dungeon)
Scrolls
 b - 2 scrolls of blinking {unknown}
 e - 2 scrolls of noise {unknown}
 g - a scroll of teleportation {unknown}
 h - a scroll of acquirement {unknown}
 i - 2 scrolls of amnesia {unknown}
 j - 3 scrolls of identify {unknown}
 l - a scroll of magic mapping {unknown}
 q - a scroll of vulnerability {unknown}
Potions
 d - 2 potions of might
 f - 2 potions of haste {unknown}
 k - a potion of attraction {unknown}
 m - a potion of mutation {unknown}
 n - a potion of berserk rage {!q}
 o - 5 potions of curing {unknown}

Dungeon Overview and Level Annotations

Branches:
Dungeon (3/15)

Altars:
Xom

Shops:
D:3

: #.......# #.......#
#...g...# #.......#
#.......# ∆∆∆ #.g.....#
#.gg....# #@......#
#.......# ###.......##
###∆∆### #..........#
..####.# #..........#
....##.#######..........#
...................######
...###.#######...###########
....##.#######.............#


You could see 4 gnolls.


Message History

You kill the adder!
No target in view!
No target in view!
No target in view!
No target in view!
No target in view!
No target in view!
No target in view!
No target in view!
No target in view!
No target in view!
No target in view!
No target in view!
No target in view!
b - 2 scrolls labelled ZITHRA PISUWA (gained 1)
Found an escape hatch in the floor.
A bat comes into view.
The bat hits you but does no damage. The bat barely misses you.
You hit the bat but do no damage. The bat hits you but does no damage.
You block the bat's attack. x2
You closely miss the bat. The bat hits you. The bat barely misses you.
You block the bat's attack.
HP[-1]
You take 1 damage, and now have 40/41 hp.
You slash the bat!
You kill the bat!
No target in view!
No target in view!
No target in view!
No target in view!
No target in view!
No target in view!
No target in view!
No target in view!
No target in view!
No target in view!
No target in view!
s - a ring of protection from fire HP[+1]
Your hp is fully restored (41).
s - a ring of protection from fire (left hand)
Found an escape hatch in the ceiling.
t - a +0 leather armour A kobold comes into view.
It is wielding a +0 dagger.
The kobold shouts!
You hear a shout!
A kobold comes into view. It is wielding a +0 short sword.
You hit the kobold but do no damage. The kobold barely misses you.
You barely miss the kobold. You completely miss the kobold.
The kobold misses you. You block the kobold's attack. x2
The kobold hits you but does no damage.
You hit the kobold but do no damage. You closely miss the kobold.
The kobold barely misses you. The kobold misses you.
You closely miss the kobold. You barely miss the kobold.
The kobold hits you but does no damage. The kobold barely misses you.
You hit the kobold. You barely miss the kobold. The kobold barely misses you.
You block the kobold's attack.
The kobold hits you but does no damage. x2
You hit the kobold but do no damage. You hit the kobold.
You kill the kobold!
The kobold barely misses you.
You slash the kobold!
You kill the kobold!
No target in view!
No target in view!
No target in view!
No target in view!
No target in view!
No target in view!
No target in view!
No target in view!
No target in view!
No target in view!
No target in view!
No target in view!
No target in view!
No target in view!
A gnoll comes into view. It is wielding a +0 spear.
A gnoll comes into view. It is wielding a +0 halberd.
There are monsters nearby!
A gnoll comes into view. It is wielding a +0 halberd.
The gnoll shouts! x2; You hear a shout!
The gnoll barely misses you.
The gnoll hits you from afar with a +0 halberd.
HP[-2]
You take 2 damage, and now have 39/41 hp.
A gnoll comes into view. It is wielding a +0 spear.
The gnoll shouts!
The gnoll closely misses you.
The gnoll hits you from afar with a +0 spear.
The gnoll drinks a potion.
The gnoll goes berserk!
HP[-4]
You take 4 damage, and now have 35/41 hp.
You slash the gnoll! The gnoll hits you with a +0 halberd!
You block the gnoll's attack. x2; The gnoll hits you with a +0 halberd!
* * * LOW HITPOINT WARNING * * *
HP[-27]
You take 27 damage, and now have 8/41 hp.
MASSIVE DAMAGE!! (PAUSE)
You hit the gnoll. The gnoll hits you with a +0 halberd!!
You die...

Skill      XL: |  1  2  3  4 |
---------------+-------------+-----
Invocations    | 1 |  1.4
Short Blades   | 1 |  1.2
Long Blades    | 1 |  1.2
Maces & Flails | 1 |  1.2
Polearms       | 1 |  1.2
Staves         | 1 |  1.2
Slings         | 1 |  1.2
Bows           | 1 |  1.2
Crossbows      | 1 |  1.2
Throwing       | 1 |  1.2
Dodging        | 1 |  1.2
Stealth        | 1 |  1.2
Unarmed Combat | 1 |  1.2
Spellcasting   | 1 |  1.2
Evocations     | 1 |  1.2
Conjurations   | 1 |  1.0
Hexes          | 1 |  1.0
Summonings     | 1 |  1.0
Necromancy     | 1 |  1.0
Translocations | 1 |  1.0
Transmutations | 1 |  1.0
Fire Magic     | 1 |  1.0
Ice Magic      | 1 |  1.0
Air Magic      | 1 |  1.0
Earth Magic    | 1 |  1.0
Poison Magic   | 1 |  1.0
Fighting       | |  6.6
Axes           | |  4.7
Armour         | |  6.6
Shields        | |  6.6

Action                   |  1- 3 |  4- 6 || total
-------------------------+-------+-------++-------
Melee: War axe           |    84 |    67 ||   151
       Bite              |     7 |     9 ||    16
 Stab: Sleeping          |     1 |     2 ||     3
Armor: Scale mail        |    29 |       ||    29
       Leather armour    |     3 |    20 ||    23
Dodge: Dodged            |    42 |    42 ||    84
Block: Buckler           |    22 |    22 ||    44

Levels and vault maps discovered:
D:1:      dpeg_arrival_arbitrary_a, layout_basic
D:2:      minmay_general_purpose_star, layout_basic, serial_forest,
          infiniplex_forest_clump_small, infiniplex_forest_corner_1,
          infiniplex_forest_clump_medium, infiniplex_forest_straight_4,
          infiniplex_forest_clump_small, infiniplex_forest_clump_small,
          shapermc_ecumenical_altar_acropolis
D:3:      minmay_bubble_buster, layout_basic, mainiacjoe_overflow_paths,
          serial_shops, shop, hex_tiny

Notes
Turn   | Place    | Note
-------+----------+-------------------------------------------
     0 | D:1      | zeratav the Gnoll Fighter began the quest for the Orb.
     0 | D:1      | Reached XP level 1. HP: 23/23 MP: 1/1
     0 | D:1      | magus.rc [v1.9.6]
   153 | D:1      | Reached XP level 2. HP: 29/29 MP: 2/2
   508 | D:1      | Reached XP level 3. HP: 34/35 MP: 3/3
  1280 | D:2      | Reached skill level 1 in Invocations
  1359 | D:2      | Found a faded altar of an unknown god.
  1393 | D:2      | Identified the +3 leather armour "Izxur" {MP+9 Str+2 Dex+4}
  1769 | D:2      | Reached skill level 1 in Short Blades
  1769 | D:2      | Reached skill level 1 in Long Blades
  1769 | D:2      | Reached skill level 1 in Maces & Flails
  1769 | D:2      | Reached skill level 1 in Polearms
  1769 | D:2      | Reached skill level 1 in Staves
  1769 | D:2      | Reached skill level 1 in Slings
  1769 | D:2      | Reached skill level 1 in Bows
  1769 | D:2      | Reached skill level 1 in Crossbows
  1769 | D:2      | Reached skill level 1 in Throwing
  1769 | D:2      | Reached skill level 1 in Dodging
  1769 | D:2      | Reached skill level 1 in Stealth
  1769 | D:2      | Reached skill level 1 in Unarmed Combat
  1769 | D:2      | Reached skill level 1 in Spellcasting
  1769 | D:2      | Reached skill level 1 in Evocations
  1864 | D:2      | Reached XP level 4. HP: 41/41 MP: 5/5
  1873 | D:2      | You pick up a book of Blood and begin reading...
  1873 | D:2      | You add the spells Sublimation of Blood, Wereblood and
                  | Summon Hydra to your library.
  2159 | D:2      | You pick up a book of Weapons and begin reading...
  2159 | D:2      | You add the spells Tukima's Dance, Portal Projectile and
                  | Blade Hands to your library.
  2466 | D:3      | Found a shimmering altar of Xom.
  2628 | D:3      | Reached skill level 1 in Conjurations
  2628 | D:3      | Reached skill level 1 in Hexes
  2628 | D:3      | Reached skill level 1 in Summonings
  2628 | D:3      | Reached skill level 1 in Necromancy
  2628 | D:3      | Reached skill level 1 in Translocations
  2628 | D:3      | Reached skill level 1 in Transmutations
  2628 | D:3      | Reached skill level 1 in Fire Magic
  2628 | D:3      | Reached skill level 1 in Ice Magic
  2628 | D:3      | Reached skill level 1 in Air Magic
  2628 | D:3      | Reached skill level 1 in Earth Magic
  2628 | D:3      | Reached skill level 1 in Poison Magic
  2798 | D:3      | Found Kining's Book Emporium.
  3039 | D:3      | HP: 8/41 [gnoll/+0 halberd (15)]
  3040 | D:3      | Mangled by a gnoll

Vanquished Creatures
  4 adders
  2 worms
  2 dart slugs
  7 bats
  5 endoplasms
  3 giant cockroaches
  5 hobgoblins
  3 jackals (D:1)
  7 kobolds
  2 quokkas
  6 ball pythons
  4 frilled lizards
  4 goblins
  7 rats
61 creatures vanquished.

Vanquished Creatures (others)
  2 fungi (D:2)
  10 plants (D:2)
12 creatures vanquished.

Grand Total: 73 creatures vanquished

Table legend:
 A = Non-vault XP
 B = Vault XP
 C = Vault XP percentage of total XP
 D = Non-vault monster count
 E = Vault monster count
 F = Vault count percentage of total count
                 A         B        C        D         E       F
            +---------+---------+-------+---------+---------+-------
      Total |     152 |       5 |   3.2 |      58 |       3 |   4.9
            +---------+---------+-------+---------+---------+-------
        D:1 |      43 |       0 |   0.0 |      26 |       0 |   0.0
        D:2 |      56 |       5 |   8.2 |      16 |       3 |  15.8
        D:3 |      53 |       0 |   0.0 |      16 |       0 |   0.0
            +---------+---------+-------+---------+---------+-------

Illustrated notes

Table legend:
 A = Kills in this place as a percentage of kills in entire the game.
 B = Kills by you in this place as a percentage of kills by you in the entire game.
 C = Kills by friends in this place as a percentage of kills by friends in the entire game.
 D = Other kills in this place as a percentage of other kills in the entire game.
 E = Experience gained in this place as a percentage of experience gained in the entire game.
 F = Experience gained in this place divided by the number of levels of this place that you have seen.
                   A       B       C       D       E      F
               +-------+-------+-------+-------+-------+----------------------
         Total | 100.0 | 100.0 |   N/A |   N/A | 100.0 |  52.3
       Dungeon | 100.0 | 100.0 |   N/A |   N/A | 100.0 |  52.3
               +-------+-------+-------+-------+-------+----------------------

Table legend: (Time is in decaauts)
 A = Elapsed time spent in this place.
 B = Non-inter-level travel time spent in this place.
 C = Inter-level travel time spent in this place.
 D = Time resting spent in this place.
 E = Time spent auto-exploring this place.
 F = Levels seen in this place.
 G = Mean time per level.
                   A        B        C        D        E       F      G
               +--------+--------+--------+--------+--------+-----+--------+
         Total |   3086 |   3041 |     45 |     82 |   2532 |   3 | 1028.7 |
       Dungeon |   3086 |   3041 |     45 |     82 |   2532 |   3 | 1028.7 |
               +--------+--------+--------+--------+--------+-----+--------+

Top non-repeatable levels by time:
     D:2: 1477 daAuts
     D:1: 1019 daAuts
     D:3: 589 daAuts
